[gd_scene load_steps=9 format=3 uid="uid://dvp6xwjnv0l2r"]

[ext_resource type="PackedScene" uid="uid://tu0p8mat0wcn" path="res://scenes/FloatingTextManager.tscn" id="1_cy77p"]
[ext_resource type="Script" path="res://scripts/Enemy.gd" id="1_m60gf"]
[ext_resource type="FontFile" uid="uid://mpe86homv2rs" path="res://fonts/kenvector_future.ttf" id="2_kuwkp"]

[sub_resource type="CircleShape2D" id="CircleShape2D_72d6g"]

[sub_resource type="CompressedTexture2D" id="CompressedTexture2D_whscc"]
load_path = "res://.godot/imported/roguelikeChar_transparent.png-871e460548ea9d3660b2f38c3733eec4.ctex"

[sub_resource type="StyleBoxFlat" id="StyleBoxFlat_pn23e"]
bg_color = Color(0, 0, 0, 0.439216)

[sub_resource type="StyleBoxFlat" id="StyleBoxFlat_kgms5"]
bg_color = Color(1, 0, 0, 0.439216)

[sub_resource type="CircleShape2D" id="CircleShape2D_yuhtv"]

[node name="Enemy" type="Area2D"]
script = ExtResource("1_m60gf")

[node name="CollisionShape2D" type="CollisionShape2D" parent="."]
shape = SubResource("CircleShape2D_72d6g")

[node name="Sprite2D" type="Sprite2D" parent="."]
texture = SubResource("CompressedTexture2D_whscc")
region_enabled = true
region_rect = Rect2(17, 51, 16, 16)

[node name="FloatingTextManager" parent="." instance=ExtResource("1_cy77p")]

[node name="LabelLevel" type="Label" parent="."]
anchors_preset = 8
anchor_left = 0.5
anchor_top = 0.5
anchor_right = 0.5
anchor_bottom = 0.5
offset_left = -24.0
offset_top = -23.0
offset_right = 25.0
offset_bottom = 3.0
grow_horizontal = 2
grow_vertical = 2
theme_override_colors/font_color = Color(0, 1, 0, 1)
theme_override_colors/font_shadow_color = Color(0, 0.313726, 0, 1)
theme_override_fonts/font = ExtResource("2_kuwkp")
theme_override_font_sizes/font_size = 5
text = "^"
horizontal_alignment = 1
vertical_alignment = 1

[node name="BarHealth" type="ProgressBar" parent="."]
anchors_preset = 8
anchor_left = 0.5
anchor_top = 0.5
anchor_right = 0.5
anchor_bottom = 0.5
offset_left = -5.0
offset_top = -10.0
offset_right = 5.0
offset_bottom = -8.0
grow_horizontal = 2
grow_vertical = 2
theme_override_styles/background = SubResource("StyleBoxFlat_pn23e")
theme_override_styles/fill = SubResource("StyleBoxFlat_kgms5")
max_value = 25.0
step = 1.0
value = 25.0
show_percentage = false

[node name="TimerMove" type="Timer" parent="."]
wait_time = 0.5

[node name="AreaVision" type="Area2D" parent="."]

[node name="CollisionShape2D" type="CollisionShape2D" parent="AreaVision"]
scale = Vector2(8, 8)
shape = SubResource("CircleShape2D_yuhtv")

[node name="TimerGetHurt" type="Timer" parent="."]
wait_time = 0.1

[connection signal="area_entered" from="." to="." method="_on_area_entered"]
[connection signal="timeout" from="TimerMove" to="." method="_on_timer_move_timeout"]
[connection signal="area_entered" from="AreaVision" to="." method="_on_area_vision_area_entered"]
[connection signal="area_exited" from="AreaVision" to="." method="_on_area_vision_area_exited"]
